 Dungeon Crawl Stone Soup version 0.21.1-1-g345015fe64 (webtiles) character file.

5325 Gargoyl the Chopper (level 10, -3/83 HPs)
             Began as a Centaur Abyssal Knight on Feb 11, 2018.
             Was an Elder of Lugonu.
             Slain by a yak (6 damage)
             ... on level 1 of the Lair of Beasts.
             The game lasted 00:25:18 (10927 turns).

Gargoyl the Chopper (Centaur Abyssal Knight)       Turns: 10927, Time: 00:25:19

Health: -3/83      AC: 13    Str: 16    XL:     10   Next: 38%
Magic:  15/15      EV:  4    Int: 11    God:    Lugonu [****..]
Gold:   550        SH:  9    Dex: 14    Spells: 9/9 levels left

rFire    . . .     SeeInvis .   a - +2 hand axe
rCold    + . .     Gourm    .   k - +0 shield
rNeg     . . .     Faith    .   r - +0 chain mail
rPois    .         Spirit   .   e - +2 hat {MR+}
rElec    .         Reflect  .   f - +1 cloak
rCorr    .         Harm     .   (no gloves)
MR       ++...                  (no barding)
Stlth    ..........             p - amulet of rage
HPRegen  0.23/turn              m - +3 ring of dexterity
MPRegen  0.14/turn              L - ring of protection from magic

@: studying Charms, very quick
A: large, beak, hooves 3, cold resistance 1, deformed body, speed 2, mutation
resistance 1, tough skin 3
a: Depart the Abyss, Bend Space, Banish, Corrupt, Renounce Religion, Evoke
Berserk Rage


You were on level 1 of the Lair of Beasts.
You worshipped Lugonu.
Lugonu was greatly pleased with you.
You were not hungry.

You visited 2 branches of the dungeon, and saw 10 of its levels.
You visited the Abyss 1 time.
You also visited: Sewer, Ossuary and Bailey.

You collected 550 gold pieces.

Inventory:

Hand Weapons
 a - a +2 hand axe (weapon)
Missiles
 i - 3 tomahawks (quivered)
Armour
 e - a +2 hat of magic resistance (worn)
 f - a +1 cloak (worn)
 k - a +0 shield (worn)
 r - a +0 chain mail (worn)
Jewellery
 m - a +3 ring of dexterity (left hand)
 n - an uncursed ring of positive energy
 p - an amulet of rage (around neck)
 z - an uncursed ring of protection from fire
 I - an uncursed ring of protection from cold {unknown}
 L - a ring of protection from magic (right hand)
 O - an uncursed ring of wizardry {unknown}
Wands
 w - a wand of digging (11)
 B - a wand of polymorph (8)
 E - a wand of paralysis (7)
 J - a wand of acid (9)
 K - a wand of flame (61)
 M - a wand of enslavement (9)
 Q - a wand of scattershot (5)
Scrolls
 b - 8 scrolls of teleportation
 g - 3 scrolls of identify
 j - a scroll of fear
 t - a scroll of blinking
 y - a scroll of magic mapping
 F - a scroll of remove curse
 G - 2 scrolls of fog
Potions
 d - a potion of might
 h - 2 potions of agility
 l - a potion of lignification
 o - 5 potions of curing
 q - a potion of ambrosia {unknown}
 s - 3 potions of haste
 u - 4 potions of heal wounds
 v - 3 potions of brilliance
 x - 2 potions of flight
 A - 2 potions of invisibility {unknown}
 C - a potion of cancellation {unknown}
 D - a potion of berserk rage {unknown}
 R - 2 potions of resistance {unknown}
Books
 H - a book of Cantrips

   Spells                             Type                      Level
   a - Confusing Touch                Hexes                        1
   b - Animate Skeleton               Necromancy                   1
   c - Summon Small Mammal            Summoning                    1
   d - Apportation                    Translocation                1
 N - a manual of Charms
Comestibles
 c - 11 rations


   Skills:
 + Level 5.7 Fighting
 + Level 7.5 Axes
 + Level 1.5 Throwing
 * Level 6.8 Armour
 + Level 1.9 Dodging
 + Level 3.5 Shields
 * Level 7.1 Invocations
 + Level 0.8 Evocations


You had 9 spell levels left.
You didn't know any spells.

Dungeon Overview and Level Annotations

Branches:
Dungeon (9/15)             Temple (0/1) D:7            Lair (1/6) D:9
    Orc: D:9-12

Altars:
Ashenzari
Elyvilon
Gozag
Kikubaaqudgha
Makhleb
Sif Muna
Vehumet
Wu Jian
Xom
The Shining One

Shops:
D:7 }[[:=

Annotations:
Abyss:1 Menkaure


Innate Abilities, Weirdness & Mutations

You have hooves in place of feet.
Armour fits poorly on your strangely shaped body.
You cover ground very quickly.
You have extremely tough skin. (AC +3)
You have a beak for a mouth.
Your flesh is cold resistant. (rC+)
You are somewhat resistant to further mutation.


Message History

You closely miss the yak.
The yak is lightly wounded.
The yak gores you but does no damage.
You hit the yak. Your kick misses the yak.
The yak is moderately wounded.
The yak barely misses you.
You hit the yak but do no damage.
The yak is moderately wounded.
You block the yak's attack.
You hit the yak. You kick the yak.
The yak is heavily wounded.
The yak closely misses you.
You hit the yak. You kick the yak, but do no damage.
The yak is heavily wounded.
The yak gores you!
* * * LOW HITPOINT WARNING * * *
You hit the yak.
The yak is severely wounded.
The yak gores you.
You die...

...#.#....#......#..#.#.....#
.....##.#.#.#.##.##.#........
...#.##.... #. #..#.#.#......
.....# ...# . #(...#.#.....#
.....#..#.#.# #(##.P.# #....
.....##.#.#?# #(.#.....#.#.# ..
.....##.#.. . #..#.#.#.....#..
.#........#. .##Y## .#...#.#. ..
.#...##.#.#....#@# .# # ..#.. ..#
.#......>...#....# ...#.#...# ..#
.#......#.#.P.##.. #.#.#...#....
.#...##.#.#.P.##.##.#.......#.(..
.....##.......##.##.#.#.#<......#
.....##...#.P.##.##.........#...#
.....##.#.#.P.##.##...#.#.......#
.....##.#.#.P....##...#.........#
.#.#....#.....##.##.............#


You could see a yak.

Vanquished Creatures
  Maurice (D:8)
  A komodo dragon (Lair:1)
  Grinder (D:5)
  Prince Ribbit (D:8)
  4 yaks (Lair:1)
  3 wargs (D:9)
  Edmund (D:6)
  An ice beast (D:7)
  A sky beast (D:7)
  A black bear (D:6)
  4 ogres
  A phantom (D:6)
  2 centaurs
  A crocodile (Lair:1)
  7 bullfrogs
  2 scorpions
  3 killer bees (D:8)
  4 wights (D:7)
  A howler monkey (D:6)
  A crimson imp (D:9)
  A bullfrog zombie (D:7)
  3 hounds
  Crazy Yiuf (D:7)
  A centaur skeleton (D:4)
  3 orc priests
  An iguana (D:8)
  3 jellies
  12 orc wizards
  A statue (D:7)
  A hound skeleton (D:6)
  A mummy (Ossuary)
  5 gnolls
  8 adders
  A shadow imp (D:8)
  An adder zombie (D:8)
  7 worms
  3 dart slugs
  2 leopard geckos
  21 orcs
  7 giant cockroaches
  A gnoll zombie (Ossuary)
  6 hobgoblins
  9 jackals
  2 quokkas
  9 ball pythons
  4 bats
  9 frilled lizards
  A giant cockroach zombie (D:5)
  4 gnoll skeletons (Ossuary)
  14 goblins
  A goblin skeleton (Ossuary)
  5 goblin zombies
  2 hobgoblin skeletons (Ossuary)
  3 hobgoblin zombies (Ossuary)
  12 kobolds
  2 kobold skeletons (Ossuary)
  3 kobold zombies (Ossuary)
  A leopard gecko skeleton (D:6)
  4 orc skeletons (Ossuary)
  3 orc zombies (Ossuary)
  A quokka zombie (D:6)
  9 rats
  2 rat skeletons (Ossuary)
  A fungus (D:7)
232 creatures vanquished.

Vanquished Creatures (others)
  The ghost of dracomuter the Fighter, a journeyman DrTm of Nemelex Xobeh (Lair:1)
  A jelly (D:6)
  An orc wizard (D:7)
  2 mummies (Ossuary)
  3 goblin skeletons (Ossuary)
  6 goblin zombies (Ossuary)
  2 hobgoblin skeletons (Ossuary)
  A kobold skeleton (Ossuary)
  2 kobold zombies (Ossuary)
  An orc skeleton (Ossuary)
  3 orc zombies (Ossuary)
  3 rat skeletons (Ossuary)
  A rat zombie (Ossuary)
  A plant (Lair:1)
28 creatures vanquished.

Grand Total: 260 creatures vanquished

Notes
Turn   | Place    | Note
-------+----------+-------------------------------------------
     0 | Abyss:1  | Gargoyl the Centaur Abyssal Knight began the quest for the Orb.
     0 | Abyss:1  | Reached XP level 1. HP: 19/19 MP: 2/2
     1 | Abyss:1  | Found a corrupted altar of Lugonu.
   142 | Abyss:2  | Noticed a worldbinder
   145 | D:1      | Escaped the Abyss
   175 | D:1      | Reached * piety under Lugonu
   229 | D:1      | Reached XP level 2. HP: 20/26 MP: 3/3
   497 | D:1      | Reached XP level 3. HP: 29/31 MP: 4/4
   625 | D:1      | Reached skill level 1 in Dodging
   955 | D:2      | Reached XP level 4. HP: 37/38 MP: 5/5
  1110 | D:2      | Reached ** piety under Lugonu
  1221 | D:2      | Reached XP level 5. HP: 9/45 MP: 7/7
  1238 | D:2      | Gained mutation: You have a beak for a mouth. [potion of mutation]
  1238 | D:2      | Gained mutation: You do not regenerate when monsters are visible. [potion of mutation]
  1238 | D:2      | Gained mutation: You have supernaturally acute eyesight. (SInv) [potion of mutation]
  1513 | D:2      | Found a white marble altar of Elyvilon.
  2059 | D:3      | Found a glowing drain.
  2069 | Sewer    | Entered a sewer
  2990 | D:3      | Reached *** piety under Lugonu
  3257 | D:3      | Found an ornate altar of the Wu Jian Council.
  3427 | D:4      | Noticed an ogre
  3433 | D:4      | Killed an ogre
  3433 | D:4      | Reached skill level 1 in Shields
  3433 | D:4      | Reached XP level 6. HP: 35/52 MP: 8/8
  4035 | D:4      | Reached skill level 1 in Throwing
  4342 | D:4      | Reached XP level 7. HP: 55/59 MP: 10/10
  4725 | D:5      | Entered Level 5 of the Dungeon
  4959 | D:5      | Lost mutation: You have supernaturally acute eyesight. (SInv) [potion of mutation]
  4959 | D:5      | Lost mutation: You do not regenerate when monsters are visible. [potion of mutation]
  4959 | D:5      | Gained mutation: You passively map a small area around you. [potion of mutation]
  4959 | D:5      | Gained mutation: You are partially covered in icy blue scales. (AC +2) [potion of mutation]
  4959 | D:5      | Gained mutation: You are agile. (Dex +2) [potion of mutation]
  4970 | D:5      | Found a sand-covered staircase.
  4979 | Ossuary  | Entered an ossuary
  5276 | Ossuary  | Reached **** piety under Lugonu
  5370 | Ossuary  | Noticed Menkaure
  5379 | Ossuary  | Banished Menkaure
  5726 | D:5      | Noticed Grinder
  5783 | D:5      | Killed Grinder
  5783 | D:5      | Reached skill level 5 in Axes
  6046 | D:5      | Reached XP level 8. HP: 39/67 MP: 11/11
  6327 | D:5      | Reached skill level 5 in Invocations
  6351 | D:5      | Found an ancient bone altar of Kikubaaqudgha.
  6555 | D:6      | Noticed Edmund
  6565 | D:6      | HP: 2/67 [Edmund/dire flail of crushing (6)]
  6594 | D:6      | Killed Edmund
  6915 | D:6      | Got a twisted ring mail
  6926 | D:6      | Identified the +4 ring mail of Parts Unknown {rN+ Str+7 Dex-5} (You found it on level 6 of the Dungeon)
  6976 | D:6      | Found an opulent altar of Gozag.
  7319 | D:6      | Found a deep blue altar of Sif Muna.
  7319 | D:6      | Found a burning altar of Makhleb.
  7324 | D:6      | Found an opulent altar of Gozag.
  7326 | D:6      | Found a shimmering altar of Xom.
  7328 | D:6      | Found a glowing golden altar of the Shining One.
  7398 | D:7      | Found Galehuat's Book Shoppe.
  7425 | D:7      | Found Honefrem's Jewellery Boutique.
  7443 | D:7      | Found Posoah's Antique Armour Shop.
  7466 | D:7      | Found Byruge Noeh's Antique Armour Shoppe.
  7476 | D:7      | Reached skill level 5 in Fighting
  7486 | D:7      | Found Uvup's Gadget Emporium.
  7506 | D:7      | Found a flagged portal.
  7514 | Bailey   | Entered a bailey
  7730 | D:7      | Reached XP level 9. HP: 62/74 MP: 13/13
  8096 | D:7      | Found a radiant altar of Vehumet.
  8255 | D:7      | Found a staircase to the Ecumenical Temple.
  8824 | D:7      | Found a runed door.
  8828 | D:7      | Noticed Crazy Yiuf
  8833 | D:7      | Killed Crazy Yiuf
  8839 | D:7      | Got a dazzling mace
  8840 | D:7      | Identified the cursed +3 mace of the Salmon {crush, rF- MR+ Dex+3} (You found it on level 7 of the Dungeon)
  8897 | D:8      | Reached skill level 5 in Armour
  9402 | D:8      | Lost mutation: You are agile. (Dex +2) [potion of mutation]
  9402 | D:8      | Lost mutation: You passively map a small area around you. [potion of mutation]
  9402 | D:8      | Lost mutation: You are partially covered in icy blue scales. (AC +2) [potion of mutation]
  9402 | D:8      | Gained mutation: Your flesh is cold resistant. (rC+) [potion of mutation]
  9402 | D:8      | Gained mutation: You are somewhat resistant to further mutation. [potion of mutation]
  9423 | D:8      | Noticed Maurice
  9478 | D:8      | Killed Maurice
  9815 | D:8      | Noticed Prince Ribbit
  9829 | D:8      | Killed Prince Ribbit
 10314 | D:9      | Found a staircase to the Lair.
 10342 | Lair:1   | Entered Level 1 of the Lair of Beasts
 10342 | Lair:1   | Noticed dracomuter's ghost (journeyman DrTm)
 10351 | Lair:1   | Banished dracomuter's ghost
 10351 | Lair:1   | Reached XP level 10. HP: 62/82 MP: 13/15
 10454 | Lair:1   | Found a shattered altar of Ashenzari.
 10926 | Lair:1   | HP: 3/83 [yak (11)]
 10927 | Lair:1   | Slain by a yak

Skill      XL: |  1  2  3  4  5  6  7  8  9 10 |
---------------+-------------------------------+-----
Axes           | 2 3 5 6 7 |  7.5
Dodging        | 1 |  1.9
Armour         | 2 3 4 6 |  6.8
Invocations    | 3 4 5 6 7 |  7.1
Shields        | 1 2 3 |  3.5
Fighting       | 4 5 |  5.7
Throwing       | 1 |  1.5
Evocations     | |  0.8

Action                   |  1- 3 |  4- 6 |  7- 9 | 10-12 || total
-------------------------+-------+-------+-------+-------++-------
Melee: Hand axe          |    85 |   177 |   424 |    68 ||   754
       Kick              |    19 |    40 |   130 |    18 ||   207
       Peck              |       |    19 |    80 |    17 ||   116
Throw: Tomahawk          |       |    17 |     3 |     8 ||    28
Invok: Depart the Abyss  |     1 |       |       |       ||     1
       Banish            |       |       |     3 |     1 ||     4
 Abil: Evoke Berserk Rag |       |     1 |     2 |     1 ||     4
  Use: Scroll            |     6 |     7 |    12 |       ||    25
       Potion            |       |     3 |     7 |       ||    10
  Eat: Chunk             |       |     6 |    16 |     3 ||    25
       Ration            |       |     1 |     1 |       ||     2
Armor: Scale mail        |    72 |    30 |       |       ||   102
       Chain mail        |       |    64 |   230 |    29 ||   323
       Skin              |       |       |    13 |       ||    13
Dodge: Dodged            |    31 |    10 |    38 |     8 ||    87
Block: Shield            |    12 |    74 |   149 |    29 ||   264
